 Dungeon Crawl Stone Soup version 0.17-a0-1633-g92a3a4e (webtiles) character file.

1103 technomadic the Protected (level 8, 0/111 HPs)
             Began as a Minotaur Fighter on Aug 4, 2015.
             Was a Follower of Qazlal.
             Slain by Pikel
             ... wielding a +1 whip of electrocution
              (12 damage)
             ... on level 5 of the Dungeon.
             The game lasted 00:08:24 (4151 turns).

technomadic the Protected (Minotaur Fighter)        Turns: 4151, Time: 00:08:24

Health: 0/111      AC: 13    Str: 26    XL:     8   Next: 10%
Magic:  7/7        EV:  7    Int:  7    God:    Qazlal [*.....]
Gold:   302        SH:  1    Dex: 10    Spells: 0 memorised, 7 levels left

rFire  . . .     SeeInvis .     a - +0 war axe
rCold  . . .     Clarity  .     m - +0 plate armour
rNeg   . . .     SustAt   .     (no shield)
rPois  .         Gourm    .     (helmet restricted)
rElec  .         Spirit   .     (no cloak)
rCorr  .         Warding  .     (no gloves)
rMut   .         Stasis   .     (no boots)
MR     .....                    (no amulet)
Stlth  ..........               (no ring)
                                (no ring)

@: mighty, berserking, very slightly contaminated, hasted, very quick, not
resistant to hostile enchantments, extremely unstealthy
A: retaliatory headbutt, horns 2
a: Renounce Religion


You were on level 5 of the Dungeon.
You worshipped Qazlal.
Qazlal was aware of your devotion.
You were not hungry.

You visited 2 branches of the dungeon, and saw 6 of its levels.

You collected 302 gold pieces.

Inventory:

Hand weapons
 a - a +0 war axe (weapon)
Armour
 m - a +0 plate armour (worn)
Jewellery
 b - an uncursed ring of poison resistance {unknown}
 j - an uncursed ring of poison resistance {unknown}
 l - an uncursed ring of positive energy {unknown}
 q - an uncursed amulet of regeneration {unknown}
Magical devices
 s - a wand of confusion (22)
Scrolls
 f - a scroll of immolation {unknown}
 g - 3 scrolls of remove curse
 u - 3 scrolls of enchant weapon
 y - a scroll of magic mapping {unknown}
Potions
 c - 2 potions of curing
 h - a potion of cancellation {unknown}
 k - a potion of ambrosia {unknown}
 n - 2 potions of berserk rage
 p - 2 potions of haste
 t - a potion of poison {unknown}
 v - a potion of flight {unknown}
 w - a potion of brilliance {unknown}
 x - a potion of heal wounds {unknown}
 z - a potion of cure mutation {unknown}
Comestibles
 e - 2 bread rations
 i - 3 meat rations
 r - 3 slices of pizza
 B - 3 chunks of flesh


   Skills:
 - Level 7.7 Fighting
 + Level 4.8(5.2) Axes
   Level 2.9(4.3) Polearms
 - Level 8.3 Armour
   Level 3.6 Shields


You had 7 spell levels left.
You didn't know any spells.

Dungeon Overview and Level Annotations

Branches:
Dungeon (5/15)             Temple (1/1) D:4

Altars:
Ashenzari
Cheibriados
Dithmenos
Elyvilon
Fedhas
Gozag
Kikubaaqudgha
Makhleb
Nemelex Xobeh
Okawaru
Qazlal
Ru
Sif Muna
Trog
Vehumet
Xom
Yredelemnul
Zin
The Shining One

Annotations:
D:5 Pikel


Innate Abilities, Weirdness & Mutations

You reflexively headbutt those who attack you in melee.
You have a pair of horns on your head.


Message History

A red film seems to cover your vision as you go berserk!
You feel yourself moving faster!
You feel mighty! Pikel hits you but does no damage.
You barely miss Pikel. Your headbutt misses Pikel. You closely miss the slave.
The slave is moderately wounded.
The slave is engulfed in roaring flames.
The slave hits you but does no damage.
Pikel hits you with a whip of electrocution!
* * * LOW HITPOINT WARNING * * *
You are electrocuted!
* * * LOW HITPOINT WARNING * * *
You miss Pikel. You barely miss the slave.
The slave is severely wounded.
The slave is engulfed in roaring flames.
You kill the slave!
That felt strangely unrewarding.
You slash Pikel!
Pikel is heavily wounded.
Pikel hits you but does no damage.
You are electrocuted!
You die...

........... ..........
.......... ......... ###
.......p. .... .......p#
...#.. .. ......§K##
#..##.# ..
#......@.##......# #..
#.......§[.# #..## #...
...........# ##..##....
...........####.........
.........##(.#§..p......
#..###..................
#.. ###.............#..
## .# #..###........#..
..###.## ###(....##..


You could see Pikel and 2 slaves.

Vanquished Creatures
  The ghost of frankwang the Conjurer, an average GrEE (D:5)
  2 slaves (D:5)
  2 phantoms (D:4)
  A centaur (D:5)
  An ogre (D:5)
  An iguana (D:5)
  Ijyb (D:2)
  7 orc wizards
  5 orc priests
  4 gnolls
  Robin (D:2)
  4 adders
  4 worms
  6 giant geckos
  25 orcs
  A ball python (D:1)
  4 giant cockroaches
  11 goblins
  10 hobgoblins
  8 jackals (D:1)
  7 kobolds
  A quokka (D:4)
  10 bats
  6 giant newts
  A jackal zombie (D:5)
  6 rats
130 creatures vanquished.

Notes
Turn   | Place    | Note
--------------------------------------------------------------
     0 | D:1      | technomadic the Minotaur Fighter began the quest for the Orb.
     0 | D:1      | Reached XP level 1. HP: 19/19 MP: 0/0
    54 | D:1      | Reached skill level 4 in Fighting
   124 | D:1      | Reached XP level 2. HP: 22/28 MP: 1/1
   302 | D:1      | Reached skill level 5 in Fighting
   353 | D:1      | Reached XP level 3. HP: 36/36 MP: 2/2
   748 | D:2      | Noticed Ijyb
   754 | D:2      | Killed Ijyb
   754 | D:2      | Reached skill level 6 in Fighting
   754 | D:2      | Reached XP level 4. HP: 28/44 MP: 3/3
   901 | D:2      | Noticed Robin
   934 | D:2      | Killed Robin
  1359 | D:3      | Found a glowing silver altar of Zin.
  1412 | D:3      | Reached XP level 5. HP: 51/51 MP: 4/4
  1544 | D:3      | Reached skill level 7 in Fighting
  2357 | D:3      | Found a faded altar to an unknown god.
  2443 | D:4      | Noticed a phantom
  2457 | D:4      | Killed a phantom
  2457 | D:4      | Reached XP level 6. HP: 40/61 MP: 5/5
  2532 | D:4      | Reached skill level 5 in Armour
  2593 | D:4      | Found a staircase to the Ecumenical Temple.
  2619 | Temple   | Entered the Ecumenical Temple
  2670 | Temple   | Became a worshipper of Qazlal Stormbringer
  2926 | D:4      | Noticed a phantom
  2960 | D:4      | Killed a phantom
  2960 | D:4      | Reached XP level 7. HP: 53/67 MP: 6/6
  3921 | D:5      | Entered Level 5 of the Dungeon
  4034 | D:5      | Reached skill level 8 in Armour
  4042 | D:5      | Acquired Qazlal's first power
  4121 | D:5      | Noticed Pikel
  4134 | D:5      | Noticed frankwang's ghost (average GrEE)
  4142 | D:5      | Killed frankwang's ghost
  4142 | D:5      | Reached XP level 8. HP: 19/74 MP: 7/7
  4151 | D:5      | Slain by Pikel

Vault maps used:
D:1:      matt_arrival_refuge
D:2:      uniq_robin, uniq_iyjb
D:3:      zin_academy, ecumenical_altar_1
D:4:      minmay_temple_entry_statues
D:5:      first_bread, minmay_crystal_room, uniq_duvessa, uniq_pikel,
          uniq_eustachio
Temple:   grunt_circular_temple_18

Action                   |  1- 3 |  4- 6 |  7- 9 || total
-------------------------+-------+-------+-------++-------
Melee: Trident           |    94 |   227 |    62 ||   383
       War axe           |       |       |    12 ||    12
       Halberd           |       |       |     6 ||     6
  Use: Scroll            |       |     5 |     2 ||     7
       Potion            |       |       |     5 ||     5
  Eat: Chunk             |       |     7 |     4 ||    11
